[Event "Championnat du monde jeunes U10"]
[Date "2024.11.20"]
[White "Ivanovic, Leonid"]
[Black "Tulegen, Ramazan"]
[WhiteElo "1990"]
[BlackElo "1818"]
[Round "6.13"]
[Result "0-1"]
[TimeControl "5400+30"]

1. e4 c5 2. Nf3 e6 3. d4 cxd4 4. Nxd4 Nf6 5. Nc3 Nc6 6. Ndb5 Bc5 7. Nd6+ Ke7 8. Bf4 e5 9. Nf5+ Kf8 10. Bg5 d6 11. Bc4 Be6 12. Bb3 h6 13. Bxf6 Qxf6 14. Nd5 Qg5 15. Qf3 Bxf5 16. Qxf5 Qxf5 17. exf5 Ne7 18. Nxe7 Kxe7 19. Ke2 b5 20. a3 Rac8 21. f3 h5 22. Kd3 h4 23. Ke4 Kf6 24. Rhf1 g6 25. fxg6 Kxg6 26. Kd3 f5 27. Ke2 Kf6 28. Rad1 a5 29. c3 Rh7 30. Rd2 Rg7 31. Kd3 Rcc7 32. Re1 Rg6 33. Ree2 a4 34. Bd5 Bg1 35. h3 Bc5 36. Re1 Rg3 37. Ree2 e4+ 38. Bxe4 fxe4+ 39.
Rxe4 Rcg7 40. Rxh4 Rxg2 41. c4 Rxd2+ 42. Kxd2 b4 43. axb4 Bxb4+ 44. Kc2 Rg2+ 45. Kb1 Bc5 46. Re4 Rg3 47. Rf4+ Ke5 48. Rf8 Rxh3 49. Ra8 a3 50. bxa3 Rxf3 51. Kb2 Kd4 52. a4 Kxc4 53. a5 Rf2+ 54. Kc1 Rf7 55. a6 Ra7 56. Rc8 Rxa6 57. Kc2 d5 58. Kb1 d4 59. Kc1 Ra5 60. Kd2 Ra2+ 61. Kc1 d3 62. Kd1 Rh2 63. Rc7 Kd4 64. Rc8 Rh1+ 0-1

[Variant "Standard"]
[Site "Europe Echecs"]

[Event "Championnat du monde jeunes U10"]
[Date "2024.11.20"]
[White "Nikitakis, Michail"]
[Black "Fuentes de Nova, Sebastian"]
[WhiteElo "1818"]
[BlackElo "1929"]
[Round "6.14"]
[Result "0-1"]
[TimeControl "5400+30"]

1. e4 e5 2. Nf3 Nc6 3. Bb5 a6 4. Ba4 Nf6 5. O-O Nxe4 6. d4 b5 7. Bb3 d5 8. dxe5 Be6 9. Nbd2 Nc5 10. c3 d4 11. Bxe6 Nxe6 12. cxd4 Ncxd4 13. a4 Bb4 14. axb5 Nxb5 15. Qe2 O-O 16. Ne4 Nbd4 17. Qd3 Qd5 18. Nfg5 Nxg5 19. Nxg5 g6 20. Be3 Nf3+ 0-1

[Variant "Standard"]
[Site "Europe Echecs"]

[Event "Championnat du monde jeunes U10"]
[Date "2024.11.20"]
[White "Andre, Tomas"]
[Black "Mulay, Vivan Prakash"]
[WhiteElo "1928"]
[BlackElo "1823"]
[Round "6.15"]
[Result "1/2-1/2"]
[TimeControl "5400+30"]

1. e4 c5 2. Nf3 d6 3. d4 cxd4 4. Nxd4 Nf6 5. Nc3 a6 6. f4 e6 7. Qf3 Qc7 8. g4 b5 9. Bg2 Bb7 10. g5 Nfd7 11. Nce2 Be7 12. Ng3 Nc6 13. Be3 O-O 14. O-O-O Rac8 15. Qf2 Nc5 16. h4 Na4 17. Kb1 Na5 18. Bc1 Qb6 19. Qg1 b4 20. g6 Nc5 21. gxf7+ Kxf7 22. Nxe6 Kxe6 23. Bh3+ Kf7 24. Nf5 g6 25. Nxe7 Kxe7 26. Bxc8 Rxc8 27. h5 b3 28. Qg5+
Ke8 29. axb3 Naxb3 30. Rhe1 Nxc1 31. hxg6 Na4 32. Qf6 Nc3+ 33. Kxc1
Na2+ 34. Kb1 1/2-1/2

[Variant "Standard"]
[Site "Europe Echecs"]

[Event "Championnat du monde jeunes U10"]
[Date "2024.11.20"]
[White "Nguyen Quang Anh"]
[Black "Kazimzade, Mahammad"]
[WhiteElo "1889"]
[BlackElo "1687"]
[Round "6.16"]
[Result "1-0"]
[TimeControl "5400+30"]

1. d4 Nf6 2. c4 e6 3. Nc3 Bb4 4. f3 d5 5. a3 Bxc3+ 6. bxc3 c5 7. cxd5 Nxd5 8. dxc5 Qa5 9. e4 Nf6 10. Be3 O-O 11. Ne2 Nfd7 12. Kf2 Na6 13. c6 bxc6 14. Qc2 Nac5 15. Nd4 Bb7 16. Be2 Na4 17. Rhb1 Rab8 18. Rb4 Nab6 19. a4 Qh5 20. f4 Qh4+ 21. Kg1 c5 22. Nf3 Qh6 23. Rb2 Nf6 24. Ng5 e5 25. Bxc5 Rfe8 26. Bxb6 axb6 27. Bc4 Re7 28. Rxb6 Rf8 29. Qb3 Bc8 30. Rf1 Qg6 31. Nxf7 Rfxf7 32. Rb8 Rc7 33.
Bxf7+ Qxf7 34. Qxf7+ Kxf7 35. fxe5 Ba6 36. Rf2 Rxc3 37. h3 Rc4 38. exf6 Rxe4 39. fxg7+ Kxg7 40. Ra2 Bc4 41. Rab2 Bd5 42. a5 Ra4 43. R8b5 Ba8 44. Kf2 Ra3 45. Rd2 Be4 46. h4 Kf6 47. h5 Kg7 48. Rb6 Kf7 49. Rd7+ Ke8 50. Ra7 1-0

[Variant "Standard"]
[Site "Europe Echecs"]

[Event "Championnat du monde jeunes U10"]
[Date "2024.11.20"]
[White "Zhang, Oscar Y"]
[Black "Meitzner, Jonathan Franz"]
[WhiteElo "1817"]
[BlackElo "1876"]
[Round "6.17"]
[Result "0-1"]
[TimeControl "5400+30"]

1. e4 c5 2. Nf3 e6 3. d4 cxd4 4. Nxd4 Nc6 5. Nc3 Qc7 6. Be2 a6 7. O-O Nf6 8. Be3 Be7 9. f4 d6 10. Qe1 O-O 11. Qg3 Kh8 12. Rad1 Bd7 13. Kh1 Rab8 14. a4 Rbd8 15. Bf3 Na5 16. Be2 Nc4 17. Bc1 Nb6 18. b3 e5 19. fxe5 dxe5 20. Bb2 Rc8 21. Nf5 Bxf5 22. Rxf5 Bb4 23. Nd5 Nbxd5 24. exd5 Qxc2 25. Bxe5 Qxf5 26. Rf1 Qg6 27. Qf3 Rfe8 28. Bb2 Qe4 29. Bxf6 Qxf3 30. Bxg7+ Kxg7 31. Bxf3 Re1 32. Rxe1 Bxe1 33. g4 Rc3 34. Be4 Rxb3 35. d6 Rb4 36. d7 Bh4 37. g5 Bxg5 38. Bf5 Rxa4 39. h4 Rxh4+ 40. Kg1 b5 41. Kf2 Rf4+ 42. Ke2 Rxf5 43. Kd1 h5 44. Ke2 h4 45. Kd3 h3 46. Kc3 h2 47. Kb4 h1=Q 48. Kb3 Qe4 49. Kc3 Rf3+ 50. Kb2 Qe2+ 51. Kb1 Rf1# 0-1

[Variant "Standard"]
[Site "Europe Echecs"]

[Event "Championnat du monde jeunes U10"]
[Date "2024.11.20"]
[White "Mrozowski, Nikodem"]
[Black "Zhou, Guoyu"]
[WhiteElo "1874"]
[BlackElo "1809"]
[Round "6.18"]
[Result "1/2-1/2"]
[TimeControl "5400+30"]

1. d4 d5 2. c4 e6 3. g3 Nf6 4. Bg2 dxc4 5. Nf3 Bd7 6. Ne5 Bc6 7. Nxc6 Nxc6 8. Qa4 Qd7 9. e3 Nb4 10. Qxd7+ Kxd7 11. Kd2 Rb8 12. b3 cxb3 13. axb3 a6 14. Ba3 Be7 15. Nc3 Nbd5 16. e4 Nxc3 17. Kxc3 Bxa3 18. Rxa3 Ke7 19. Ra5 Rhd8 20. Kc4 c6 21. b4 Rd7 22. h3 Rbd8 23. Rd1 Ne8 24. e5 Nc7 25. Ra3 Rxd4+ 26. Rxd4 Rxd4+ 27. Kxd4 Nb5+ 28.
Kc5 Nxa3 29. Kb6 Nc2 30. Kc5 Kd7 31. Be4 b6+ 32. Kxb6 Nxb4 33. Bxh7 g6 34. h4 Ke7 35. h5 gxh5 36. Be4 f6 37. exf6+ Kxf6 38. f4 Ke7 39. Kc5 a5 40. Bg6 Kf6 41. Bxh5 Nd3+ 42. Kc4 Nf2 43. Bf3 Kf5 44. Bxc6 Ne4 45. Kb5 Nf6 46. Bb7 Kg4 47. Bc8 1/2-1/2

[Variant "Standard"]
[Site "Europe Echecs"]

[Event "Championnat du monde jeunes U10"]
[Date "2024.11.20"]
[White "Anetov, Amirzhan"]
[Black "Zabelin, Platon"]
[WhiteElo "1767"]
[BlackElo "1870"]
[Round "6.19"]
[Result "1/2-1/2"]
[TimeControl "5400+30"]

1. e4 c6 2. d4 d5 3. Nc3 dxe4 4. Nxe4 Bf5 5. Ng3 Bg6 6. h4 h6 7. Nf3 Nd7 8. h5 Bh7 9. Bd3 Bxd3 10. Qxd3 e6 11. Bd2 Ngf6 12. O-O-O Be7 13. Kb1 Qb6 14. Ne4 Rd8 15. Bf4 Nxe4 16. Qxe4 Nf6 17. Qd3 O-O 18. g4 Nxg4 19. Rhg1 f5 20. Qe2 c5 21. d5 Bf6 22. c4 exd5 23. Rxd5 Rxd5 24. cxd5 c4 25. d6 c3 26. Re1 Qxf2 27. bxc3 Qc5 28. Qe6+ Kh8 29. Ne5 Qb5+ 30.
Qb3 Qxb3+ 31. axb3 Nxe5 32. Bxe5 Bxe5 33. Rxe5 Rd8 34. Rd5 Kg8 35. Kc2 Kf7 36. Rxf5+ Ke6 37. Ra5 a6 38. b4 Rxd6 39. b5 Rd5 40. c4 Rxh5 41. bxa6 Rh2+ 42. Kc3 bxa6 43. Rxa6+ Kf5 44. Ra5+ Ke4 45. Ra1 g5 46. Re1+ Kf5 47. c5 Ra2 48. Kd4 g4 49. Re5+ Kf4 50. Re4+ Kf3 51. Re3+ Kf2 52. Re6 Rd2+ 53. Kc4 Rc2+ 54. Kd5 Rd2+ 55. Kc4 h5 56. Rh6 Ke3 57. Rxh5 Rd4+ 58. Kb5 1/2-1/2

[Variant "Standard"]
[Site "Europe Echecs"]

[Event "Championnat du monde jeunes U10"]
[Date "2024.11.20"]
[White "Li, Weilong"]
[Black "Wang, Rocky"]
[WhiteElo "1735"]
[BlackElo "1853"]
[Round "6.20"]
[Result "1-0"]
[TimeControl "5400+30"]

1. e4 e5 2. Nf3 Nc6 3. Bc4 Nf6 4. d3 d5 5. exd5 Nxd5 6. O-O Bg4 7. Re1 Qd6 8. h3 Bh5 9. Nbd2 O-O-O 10. Ne4 Qd7 11. Ng3 Bxf3 12. Qxf3 Nd4 13. Qd1 Nb6 14. Bb3 f6 15. Be3 Kb8 16. Ne2 Bc5 17. Nxd4 Bxd4 18. c3 Bxe3 19. Rxe3 Nd5 20. Rf3 a6 21. Qc2 Rhe8 22. Re1 Qd6 23. Bxd5 Qxd5 24. Rfe3 Rg8 25. Qa4 g5 26. d4 exd4 27. Rd3 Qd7 28. Qd1 c5 29. cxd4 cxd4 30. Re4 Qc7 31. Rdxd4 Rxd4 32. Rxd4 Rc8 33. Qe2 Qc1+ 34. Rd1 Qf4 35. g3 Qf5 36. Kg2 Qc2 37. Rd2 Qc6+ 38. Qf3 Qe6 39. a3 h5 40. Qxh5 Rc1 41. Rd8+ Rc8 42. Rxc8+ Qxc8 43. Qf3 Qe6 44. h4 gxh4 45. gxh4 Ka8 46. h5 Qg8+ 47. Kh3 Qe6+ 48. Kh4 Qe5 49. b4 Qd4+ 50. Kh3 Qd7+ 51. Kg2 f5 52. Qf4 Qd5+ 53. Kh2 Qf7 54. h6 Qh5+ 55. Kg3 Qh1 56. Qh4 Qg1+ 57. Kf4 Qb1 1-0

[Variant "Standard"]
[Site "Europe Echecs"]

[Event "Championnat du monde jeunes U10"]
[Date "2024.11.20"]
[White "Montaigu Dupont, Arthur"]
[Black "Ilko-Toth, Andras"]
[WhiteElo "1767"]
[BlackElo "2115"]
[Round "6.21"]
[Result "0-1"]
[TimeControl "5400+30"]

1. e4 c6 2. Nf3 d5 3. Nc3 dxe4 4. Nxe4 Nf6 5. Qe2 Nxe4 6. Qxe4 Be6 7. b3 Nd7 8. Bb2 Nf6 9. Qe2 Bf5 10. d3 e6 11. g3 Bb4+ 12. Nd2 Qd5 13. f3 Qc5 14. O-O-O Nd5 15. Nc4 b5 16. d4 Qe7 17. Nd2 Nc3 18. Bxc3 Bxc3 19. Nb1 Bb4 20. h4 h5 21. g4 Bg6 22. Kb2 a5 23. a3 Bd6 24. c4 O-O 25. c5 Bf4 26. gxh5 Bxh5 27. Bh3 Qf6 28. Bg4 Bg6 29. h5 Bh7 30. Rhe1 Rad8 31. Qf2 Rd7 32. Nc3 Rfd8 33. Ne2 Bh6 34. f4 Be4 35. Qe3 Bd5 36. Bf3 a4 37. b4 Qf5 38. Rh1 Kh8 39. Bxd5 Rxd5 40. Rdf1 Qf6 41. Kc3 Kg8 42. Qe4 Qf5 43. Qxf5 Rxf5 44. Rf3 Rdd5 45. Rfh3 Bxf4 46. Kd3 Bh6 47. Nc3 Rd8 48. Ne4 Rfd5 49. Kc3 Rxd4 50. Nd6 Rd5 51. Rf3 f6 52. Rg1 Kf8 53. Rd3 Rxd3+ 54. Kxd3 Bf4 55. Kd4 0-1

[Variant "Standard"]
[Site "Europe Echecs"]

[Event "Championnat du monde jeunes U10"]
[Date "2024.11.20"]
[White "Nguyen Minh"]
[Black "Shangin, Lev"]
[WhiteElo "1760"]
[BlackElo "2056"]
[Round "6.22"]
[Result "0-1"]
[TimeControl "5400+30"]

1. d4 Nf6 2. c4 e6 3. Nf3 d5 4. Nc3 dxc4 5. e3 a6 6. a4 b6 7. Bxc4 Bb7 8. O-O c5 9. Qe2 Qc7 10. Rd1 Be7 11. b3 O-O 12. Bb2 Nbd7 13. Rac1 Rfd8 14. Bd3 Qb8 15. h3 cxd4 16. Nxd4 Ne5 17. Bb1 Ng6 18. Nf3 Qa7 19. Ng5 Rac8 20. Nge4 Qa8 21. f3 Nd5 22. Nxd5 Bxd5 23. Nd2 Qb8 24. Be4 Bc5 25. Bxd5 Rxd5 26. Rc4 b5 27. axb5 axb5 28. Rc3 Nf4 29. Qf1 Rcd8 30. Bc1 Qb6 31. Re1 Bb4 32. Ne4 f5 33. Kh1 fxe4 34. Bb2 Bxc3 35. Bxc3 Nd3 36. Ra1 Qxe3 37. Ra2 exf3 38. gxf3 Qc1 39. Qxc1 Nxc1 0-1

[Variant "Standard"]
[Site "Europe Echecs"]

[Event "Championnat du monde jeunes U10"]
[Date "2024.11.20"]
[White "Ten Dam, Bram"]
[Black "Kadyr, Aldiyar"]
[WhiteElo "2012"]
[BlackElo "1759"]
[Round "6.23"]
[Result "1/2-1/2"]
[TimeControl "5400+30"]

1. e4 e6 2. d4 d5 3. e5 c5 4. c3 Nc6 5. Nf3 Qb6 6. Bd3 Bd7 7. O-O cxd4 8. Re1 dxc3 9. Nxc3 Bb4 10. Bd2 Nge7 11. h4 a6 12. Rb1 Qa7 13. a3 Bc5 14. Qe2 Nd4 15. Nxd4 Bxd4 16. h5 Nc6 17. Bf4 b5 18. Nd1 Qb8 19. Bh2 g6 20. b4 Qd8 21. Qg4 Qb8 22. Qg5 Qd8 23. Qf4 Qe7 24. Rc1 Bb6 25. Bg3 Rg8 26. Qg4 Qf8 27. Bf4 O-O-O 28. Bg5 gxh5 29. Bxd8 hxg4 30. Bxb6 h5 31. Bc5 Qg7 32. a4 g3 33. f3 Kb7 34. axb5 axb5 35. Bxb5 Nxe5 36. Bf1 Qg5 37.
Ra1 Ra8 38. Rxa8 Kxa8 39. Ne3 Kb7 40.
Ra1 Nc4 41. Nxc4 dxc4 42. Bxc4 Qh4 43.
Ba6+ Kc7 44. b5 Bxb5 45. Bxb5 Qg5 46.
Ra7+ Kb8 1/2-1/2

[Variant "Standard"]
[Site "Europe Echecs"]

[Event "Championnat du monde jeunes U10"]
[Date "2024.11.20"]
[White "Mikkelsen, Anders Askjaer"]
[Black "Chen, Chicheng Leon"]
[WhiteElo "1745"]
[BlackElo "1987"]
[Round "6.24"]
[Result "0-1"]
[TimeControl "5400+30"]

1. e4 c5 2. Nf3 d6 3. d4 cxd4 4. Nxd4 Nf6 5. Nc3 a6 6. f3 e6 7. Be3 h5 8. Qd2 Be7 9. Be2 b5 10. O-O-O Bb7 11. a3 Nbd7 12. h3 h4 13. Bf2 Nb6 14. g4 hxg3 15. Bxg3 Rc8 16. Nb3 d5 17. Na5 Ba8 18. e5 Nh5 19. Rdg1 d4 20. Na2 Bg5 21. f4 Bxh1 22. fxg5 Be4 23. Nb4 Na4 24. Bd3 Nc5 25. Bxe4 Nxe4 0-1

[Variant "Standard"]
[Site "Europe Echecs"]

[Event "Championnat du monde jeunes U10"]
[Date "2024.11.20"]
[White "Vardanyan, Armen Art."]
[Black "Chakhalov, Mikael"]
[WhiteElo "1735"]
[BlackElo "1962"]
[Round "6.25"]
[Result "0-1"]
[TimeControl "5400+30"]

1. d4 Nf6 2. c4 e6 3. Nf3 Bb4+ 4. Bd2 c5 5. Bxb4 cxb4 6. e3 O-O 7. Bd3 a5 8. O-O d6 9. Nbd2 Qe7 10. Re1 b6 11. Nf1 Bb7 12. Ng3 g6 13. e4 e5 14. Qc2 Nc6 15. d5 Nb8 16. Qd2 Na6 17. Nh4 Nh5 18. Nhf5 gxf5 19. Nxh5 f4 20. Be2 f5 21. exf5 Rxf5 22. Bg4 Rff8 23. f3 Bc8 24. h3 Bxg4 25. hxg4 Nc5 26. Rad1 Qf7 27. Qf2 Qg6 28. Re2 Ra7 29. Qh4 a4 30. Qe1 b3 31. a3 b5 32. cxb5 Rb7 33. g3 fxg3 34. Qxg3 Nd3 35. Qg2 Rxb5 36. Red2 Nf4 37. Nxf4 Rxf4 38. Qe2 Rc5 39. Qe3 Qg5 40. Rg2 e4 41. Rd4 Qf6 42. g5 Rc1+ 43. Qxc1 Qxd4+ 44. Rf2 e3 45. Re2 Rxf3 46. Qc8+ Kg7 47. Qc7+ Rf7 48. Qc1 Qg4+ 49. Rg2 Qf4 50. Qc3+ Qe5 51. Qe1 Rf5 52. Qe2 Rxg5 53. Rxg5+ Qxg5+ 54. Kh2 Qh4+ 55. Kg2 Qf2+ 56. Qxf2 exf2 57. Kxf2 Kf6 58. Kf3 Ke5 59. Kg4 0-1

[Variant "Standard"]
[Site "Europe Echecs"]

[Event "Championnat du monde jeunes U10"]
[Date "2024.11.20"]
[White "Kais, Kristofer"]
[Black "Larion, Iustin"]
[WhiteElo "1723"]
[BlackElo "1925"]
[Round "6.26"]
[Result "1/2-1/2"]
[TimeControl "5400+30"]

1. d4 d5 2. Bf4 Nf6 3. e3 c5 4. c3 Nc6 5. Nf3 Qb6 6. Qc2 g6 7. dxc5 Qxc5 8. Bd3 Bg7 9. Nbd2 O-O 10. O-O Re8 11. e4 dxe4 12. Nxe4 Nxe4 13. Bxe4 e5 14. Be3 Qe7 15. Rfd1 Bg4 16. h3 Bxf3 17. Bxf3 e4 18. Be2 Be5 19. Rd2 Qe6 20. Qb3 Qxb3 21. axb3 Rad8 22. Rxd8 Rxd8 23. Bb5 f5 24. Bxc6 bxc6 25. g3 Bf6 26. h4 Be5 27. Rxa7 Rd1+ 28. Kg2 Rb1 29. Ra5 Bd6 30. Ra6 Rxb2 31. Rxc6 Be5 32. Rc5 Bf6 33. b4 Rb3 34. Bd2 Rb2 35. Rc8+ Kf7 36. Rc7+ Ke6 37. Be3 Rb3 38. Bd2 1/2-1/2

[Variant "Standard"]
[Site "Europe Echecs"]

[Event "Championnat du monde jeunes U10"]
[Date "2024.11.20"]
[White "Ejsymont, Eryk"]
[Black "Larionov, Serghei"]
[WhiteElo "1910"]
[BlackElo "1720"]
[Round "6.27"]
[Result "1-0"]
[TimeControl "5400+30"]

1. e4 e5 2. Nf3 Nc6 3. Bc4 Bc5 4. d3 Nf6 5. O-O d6 6. c3 O-O 7. a4 a6 8. h3 h6 9. b4 Bb6 10. Nbd2 d5 11. exd5 Nxd5 12. Ne4 Be6 13. Qb3 f6 14. Re1 Bf7 15. Nh4 Rb8 16. Nf5 Qd7 17. g4 Nce7 18. Bxd5 Nxd5 19. c4 Nf4 20. Bxf4 exf4 21. Nxh6+ Kh7 22. Nxf7 Qxf7 23. Qc3 Qg6 24. c5 f5 25. cxb6 fxg4 26. h4 cxb6 27. Qe5 g3 28. Qg5 gxf2+ 29. Kxf2 Qc6 30. Qh5+ Kg8 31. Ng5 Qc2+ 32. Qe2 Qc3 33. Qe4 1-0

[Variant "Standard"]
[Site "Europe Echecs"]

[Event "Championnat du monde jeunes U10"]
[Date "2024.11.20"]
[White "Melkonyan, Davit"]
[Black "Iliev, Stoyan"]
[WhiteElo "1842"]
[BlackElo "1671"]
[Round "6.28"]
[Result "1-0"]
[TimeControl "5400+30"]

1. e4 c5 2. Nf3 Nc6 3. Bb5 e6 4. Bxc6 bxc6 5. d3 d5 6. O-O Nf6 7. Nc3 Be7 8. Bf4 Ba6 9. Re1 O-O 10. Ne5 Rc8 11. Qf3 Kh8 12. Rad1 Nd7 13. Nxd7 Qxd7 14. Qh3 Bd6 15. e5 Be7 16. Qh5 d4 17. Ne4 f5 18. exf6 gxf6 19. Nxc5 Bxc5 20. Qxc5 e5 21. Bg3 Rg8 22. Re4 Rb8 23. Qa3 Bb7 24. Rde1 Rbe8 25. Qc5 Ba6 26. b3 Rb8 27. Rxe5 Rxg3 28. hxg3 1-0

[Variant "Standard"]
[Site "Europe Echecs"]

[Event "Championnat du monde jeunes U10"]
[Date "2024.11.20"]
[White "Nguyen Truong An Khang"]
[Black "Tamiolakis, Grigorios"]
[WhiteElo "1836"]
[BlackElo "1591"]
[Round "6.29"]
[Result "1-0"]
[TimeControl "5400+30"]

1. d4 d5 2. c4 dxc4 3. e3 Nf6 4. Bxc4 e6 5. Nf3 a6 6. O-O b5 7. Be2 Bb7 8. Nbd2 Nbd7 9. a4 b4 10. Nc4 c5 11. Nfe5 Be7 12. b3 Qc7 13. Bb2 O-O 14. Rc1 Rac8 15. Bf3 Bxf3 16. Qxf3 Nxe5 17. Nxe5 Nd7 18. Nd3 Qa5 19. d5 Bf6 20. dxe6 fxe6 21. Qg4 Qb6 22. Qc4 Bxb2
23. Nxb2 Ne5 24. Qe4 Nd7 25. Nc4 Qc6 26. Qxc6 Rxc6 27. e4 Nf6 28. f3 Rd8 29. Rfd1 Rxd1+ 30. Rxd1 Kf8 31. Rd8+ Ke7 32. Ra8 Nd7 33. Kf2 Nf6 34. Ra7+ Nd7 35. Ke3 Kd8 36. a5 Ke7 37. Nb6 Rxb6 38. axb6 Kd6 39. Rxa6 Kc6 40. b7+ Kxb7 41. Rxe6 c4 42. Re7 Kc6 43. Rxd7 Kxd7 44. bxc4 Kd6 45. Kd4 b3 46. Kc3 b2 47. Kxb2 Kc5 48. Kc3 Kc6 49. Kd4 Kd6 50. e5+ Ke6 51. c5 Ke7 52. c6 Kd8 53. Kd5 Ke7 54. e6 Kd8 55. Kd6 Kc8 56. e7 Kb8 57. e8=Q+ Ka7 58. c7 Ka6 59. c8=Q+ Ka5 60. Qb7 g5 61. Qeb5# 1-0

[Variant "Standard"]
[Site "Europe Echecs"]

[Event "Championnat du monde jeunes U10"]
[Date "2024.11.20"]
[White "Babeikin, Kiryl"]
[Black "Guirado Lara, Pablo"]
[WhiteElo "1721"]
[BlackElo "1832"]
[Round "6.30"]
[Result "1/2-1/2"]
[TimeControl "5400+30"]

1. e4 c5 2. Nf3 e6 3. d4 cxd4 4. Nxd4 Nf6 5. Nc3 Nc6 6. Nxc6 bxc6 7. e5 Nd5 8. Ne4 Bb7 9. c4 Nb6 10. c5 Nd5 11. Qd4 Be7 12. Bd3 Ba6 13. O-O Bxd3 14. Qxd3 f5 15. exf6 Nxf6 16. Nd6+ Bxd6 17. Qxd6 Qe7 18. Qxe7+ Kxe7 19. Bf4 Ne4 20. Rad1 Rhf8 21. Be5 Rf5 22. f4 h5 23. Rc1 g5 24. Rce1 Nd2 25. Bd6+ Kf6 26. fxg5+ Kxg5 27. Rxf5+ Kxf5
28. Re5+ Kg6 29. b3 Nb1 30. Re3 Na3 31. Rd3 a6 32. Bg3 Ra7 33. Be1 a5 34. Rd2 Kf5 35. Bg3 Ke4 36. Kf2 a4
37. Bd6 axb3 38. axb3 Rb7 39. Re2+ Kd4 40. Re5 Rxb3 41. Rxh5 Nb5 42. Be7 Nc3 43. Bf6+ Kc4 44. Bxc3 Rxc3 45. h4 Kd4
46. Rh7 Rxc5 47. Rxd7+ Rd5 48. Re7 Ke5 49. Rf7 Ke4 50. Kg3 Rd8 51. h5 c5 52. Rc7 Kf5 53. Rxc5+ e5 54. Rc4 Kg5
55. Rc5 Kxh5 56. Rxe5+ Kg6 57. Kh4 Rh8+ 58. Kg4 Kf6 59. Ra5 Rg8+ 60. Kf3 Rb8 61. g4 Rb3+ 62. Kf4 Rb4+ 63. Kg3 Rb1 64. Ra6+ Kg5 65. Ra5+ Kg6 66.
Ra6+ 1/2-1/2

[Variant "Standard"]
[Site "Europe Echecs"]

[Event "Championnat du monde jeunes U10"]
[Date "2024.11.20"]
[White "Golya, David"]
[Black "Ramesan, Raunak Amit"]
[WhiteElo "1672"]
[BlackElo "1802"]
[Round "6.31"]
[Result "0-1"]
[TimeControl "5400+30"]

1. e4 e5 2. Nf3 Nc6 3. Bc4 Bc5 4. O-O Nf6 5. d3 d6 6. h3 a6 7. c3 Ba7 8. Bb3 h6 9.
Nbd2 g5 10. Nh2 Qe7 11. g4 Bd7 12. Nc4 O-O-O 13. Ne3 h5 14. Nf5 Bxf5 15. exf5 hxg4 16. hxg4 Qf8 17. Bxg5 Qg7 18. Nf3 Nxg4 19. Bxf7 Nh2 20. Be6+ Kb8 21. Nxh2 Qh7 22. Kg2 Qh3+ 0-1

[Variant "Standard"]
[Site "Europe Echecs"]

[Event "Championnat du monde jeunes U10"]
[Date "2024.11.20"]
[White "Popov, Aleksandr And"]
[Black "Cao, Frank Zhongtian"]
[WhiteElo "1651"]
[BlackElo "1793"]
[Round "6.32"]
[Result "1/2-1/2"]
[TimeControl "5400+30"]

1. e4 c5 2. Nf3 d6 3. d4 cxd4 4. Nxd4 Nf6 5. Nc3 a6 6. a3 e5 7. Nf5 d5 8. Bg5 d4 9. Bxf6 gxf6 10. Na2 Bxf5 11. exf5 Nc6 12. Be2 Bd6 13. Bf3 Qd7 14. Qd3 Be7 15. O-O Rc8 16. c3 Rd8 17. Rad1 Qc8 18. Qe4 dxc3 19. Rxd8+ Bxd8 20. Nxc3 Nd4 21. Qxb7 Qxf5 22. Bc6+ Nxc6 23. Qxc6+ Qd7 24. Qxa6 O-O 25. Rd1 Qf5 26. Qd3 Qe6 27. h3 Kh8 28. b4 Rg8 29. Qd5 Qxh3
30. Rd3 Rxg2+ 31. Qxg2 Qxd3 32.
Qd5 Qxc3 1/2-1/2

[Variant "Standard"]
[Site "Europe Echecs"]

[Event "Championnat du monde jeunes U10"]
[Date "2024.11.20"]
[White "Vedrickas, Vytis"]
[Black "Neuschild, Marius"]
[WhiteElo "1642"]
[BlackElo "1786"]
[Round "6.33"]
[Result "1-0"]
[TimeControl "5400+30"]

1. e4 c5 2. Nf3 d6 3. d4 cxd4 4. Nxd4 Nf6 5. Nc3 a6 6. Nb3 Nbd7 7. a4 b6 8. f4 Bb7 9. Bd3 e5 10. O-O Be7 11. Kh1 O-O 12. Qf3 Re8 13. f5 Bf8 14. Bg5 Qc7 15. Rad1 Rac8 16. Nd5 Bxd5 17. exd5 e4 18. Bxe4 Nxe4 19. Bh4 Nec5 20. Nd4 Ne5 21. Qg3 Kh8 22. f6 g6 23. Rde1 Nc4 24. Nc6 Ne5 25. Ne7 Rcd8 26. Bg5 Qd7 27. Rf4 Bxe7 28. fxe7 Rxe7 29. Bf6+ Kg8 30. Qh4 h5 31. Bxe7 Re8 32. Bf6 Ng4 33. Rxe8+ Qxe8 34. Rxg4 Qe2 35. h3 Qf1+ 36. Kh2 Nd7 37. Bc3 hxg4 38. Qh8# 1-0

[Variant "Standard"]
[Site "Europe Echecs"]

[Event "Championnat du monde jeunes U10"]
[Date "2024.11.20"]
[White "Otetileu, Amanbek"]
[Black "Liu, Liam"]
[WhiteElo "1632"]
[BlackElo "1783"]
[Round "6.34"]
[Result "1/2-1/2"]
[TimeControl "5400+30"]

1. e4 c6 2. d4 d5 3. exd5 cxd5 4. Bd3 Nc6 5. Nf3 Nf6 6. O-O Bg4 7. c3 e6 8. h3 Bh5 9. Bf4 Bd6 10. Bxd6 Qxd6 11. Nbd2 O-O 12. Qb3 Rfc8 13. Qxb7 Rcb8 14. Qa6 Rb6 15. Qa3 Qxa3 16. bxa3 Bxf3 17. Nxf3 Rc8 18. Rab1 Na5 19. Rxb6 axb6 20. Rc1 Ne4 21. Bxe4 dxe4 22. Ng5 f5 23. Nxe6 Nc4 24. a4 Ra8 25. Rb1 Rxa4 26. Rb4 Rxb4 27. cxb4 Kf7 28. Nc7 e3 29. fxe3 Nxe3 30. a4 Ke7 31. Kf2 Nc4 32. Nd5+ Kd7 33. Ne3 Nd6 34. Ke2 Ne4 35. Nxf5 g6 36. Ne3 Nc3+ 37. Kd3 Nxa4 38. b5 Kd6 39. Kc4 h5 40. Kb3 Nc5+ 41. dxc5+ Kxc5 42. h4 Kxb5 43. Nd5 Kc5 44. Nf4 Kd4 45. Nxg6 Ke4 46. Kc2 Kf5 47. Ne7+ Kg4 48. Kd2 Kxh4 49. Ke2 Kg3 50. Kf1 h4 51. Nf5+ Kg4 52. Ne3+ Kg3 53. Kg1 b5 54. Nf1+ Kf4 55. Kh2 b4 56. Kh3 Kg5 57. Nd2 Kh5 58. Nb3 Kg5 59. Nd4 Kh5 60. Nb3 Kg5 61. Nc1 Kh5 62. Nb3 1/2-1/2

[Variant "Standard"]
[Site "Europe Echecs"]

[Event "Championnat du monde jeunes U10"]
[Date "2024.11.20"]
[White "Annapureddy, Rheyansh Reddy"]
[Black "Makhsatuly, Rakhim"]
[WhiteElo "2122"]
[BlackElo "1683"]
[Round "6.35"]
[Result "1-0"]
[TimeControl "5400+30"]

1. e4 c5 2. Nf3 Nc6 3. d4 cxd4 4. Nxd4 Nf6 5. Nc3 d6 6. Bg5 Bd7 7. Qd2 a6 8. O-O-O e6 9. f4 h6 10. Bxf6 Qxf6 11. Nf3 Qd8 12. g4 Be7 13. Kb1 Qc7 14. f5 O-O-O 15. Be2 Kb8 16. h4 Bc8 17. Qe3 Bf6 18. Bc4 Na5 19. Bb3 Nxb3 20. axb3 Rhe8 21. Qd3 b5 22. g5 Bxc3 23. bxc3 d5 24. e5 exf5 25. gxh6 gxh6 26. Qd4 Bb7 27. Rhe1 Re6 28. h5 Qc6 29. Kb2 Rc8 30. Re3 Re7 31. Nh4 Qe6 32. Ng2 Qd7 33. Nf4 Rce8 34. Nd3 Qc7 35. Rde1 Rg8 36. e6 f4 37. exf7 Rxf7 38. Re8+ Rxe8 39. Rxe8+ Bc8 40.
Ne5 Rf5 41. Re7 1-0

[Variant "Standard"]
[Site "Europe Echecs"]

[Event "Championnat du monde jeunes U10"]
[Date "2024.11.20"]
[White "Gusev, Daniil Den"]
[Black "Qian, Qipeng"]
[WhiteElo "1863"]
[BlackElo "1641"]
[Round "6.36"]
[Result "0-1"]
[TimeControl "5400+30"]

1. e4 e6 2. d4 d5 3. Bd3 dxe4 4. Bxe4 Nf6 5. Bf3 c5 6. c3 cxd4 7. cxd4 Bb4+ 8. Bd2 Bxd2+ 9. Qxd2 O-O 10. Ne2 Nc6 11. Nbc3 Nb4 12. Rd1 Nbd5 13. O-O b6 14. Nc1 Bb7 15. N3e2 Rc8 16. Nd3 Ba6 17. Ne5 Qe7 18. a3 Rfd8 19. Rc1 Qd6 20. Rfd1 h6 21. g3 Ne7 22. b4 Rxc1 23. Nxc1 Nf5 24. Nb3 Rc8 25. a4 Bc4 26. Rc1 Ba6 27. b5 Rxc1+ 28. Qxc1 Nxd4 29. Nxd4 Qxd4 30. Nc6 Qd3 31.
Qf4 e5 32. Nxe5 Qb1+ 33. Kg2 Bc8 34.
Nc6 Be6 35. Nxa7 Kh7 36. Nc6 Qd3 37. Ne5 Qd8 38. Nc6 Qd3 39. Qe3 Qf5 40. Qxb6 Qh3+ 41. Kg1 Ng4 42. Bxg4 Qxg4 43. Qd4 Qe2 44. Ne5 g6 45. Qe3 Qd1+ 46. Kg2 Qxa4 47. b6 Qa8+ 48. f3 Qa2+ 49. Kf1 Qa6+ 50. Kf2 Qa2+ 51.
Qe2 Qb1 52. Qe3 Qb2+ 53. Ke1 Qb1+ 54.
Kd2 Qb2+ 55. Ke1 Qb1+ 56. Kf2 Qb2+ 57.
Kg1 Bh3 58. Qf2 Qb1+ 0-1

[Variant "Standard"]
[Site "Europe Echecs"]

[Event "Championnat du monde jeunes U10"]
[Date "2024.11.20"]
[White "Garcia Tanjala, Marko"]
[Black "Hochman, Gur"]
[WhiteElo "1833"]
[BlackElo "1626"]
[Round "6.37"]
[Result "1-0"]
[TimeControl "5400+30"]

1. e4 e6 2. d4 d5 3. exd5 exd5 4. Bd3 Nc6 5. c3 Bd6 6. Ne2 Nge7 7. Qc2 Be6 8. O-O Qd7 9. Bf4 Bf5 10. Bxd6 Bxd3 11. Qxd3 Qxd6 12. b4 O-O 13. Nd2 Qg6 14. Nf4 Qxd3 15. Nxd3 Ng6 16. f4 f5 17. b5 Nce7 18. Nf3 Rad8 19. g3 Rfe8 20. Nc5 b6 21. Ne6 Rc8 22. Neg5 h6 23. Nh3 Rcd8 24. Ne5 Rd6 25. Rfe1 Re6 26. Re3 Nc8 27. a4 Nd6 28. Nf2 Nf8 29. Nfd3 Nd7 30. Nb4 Nb8 31. Nxd5 Rc8 32. Rae1 Ne4 33. g4 g6 34. Nxg6 1-0

[Variant "Standard"]
[Site "Europe Echecs"]